 Dungeon Crawl Stone Soup version 0.30.1-11-g7821555f0a (webtiles) character file.

Game seed: 1428383799795732367

9160 Chiseanne the Magician (level 11, 3/80 HPs)
             Began as a Demonspawn Wanderer on Nov 29, 2023.
             Was a Believer of Vehumet.
             Quit the game on level 10 of the Dungeon on Nov 30, 2023.
             The game lasted 00:41:02 (14150 turns).

Chiseanne the Magician (Demonspawn Wanderer)       Turns: 14150, Time: 00:41:02

Health: 3/80       AC: 19    Str:  9    XL:     11   Next: 19%
Magic:  2/22       EV: 11    Int: 23    God:    Vehumet [**....]
Gold:   582        SH: 10    Dex: 11    Spells: 17/25 levels left

rFire   . . .        a - +0 short sword (venom)
rCold   . . .        (no shield)
rNeg    + . .        F - +1 swamp dragon scales
rPois   +            K - +0 helmet
rElec   .            x - +0 cloak
rCorr   .            f - +1 pair of gloves
SInv    .            B - +0 pair of boots
Will    +....        v - amulet of the acrobat
Stlth   +            l - ring of willpower
HPRegen 0.33/turn    d - ring of positive energy
MPRegen 0.36/turn

%: acrobat, guardian spirit
@: seriously poisoned (3 -> 1)
A: large bone plates 2, icemail 1, magic shield, magic regeneration,
condensation shield
a: Renounce Religion


You were on level 10 of the Dungeon.
You worshipped Vehumet.
Vehumet was pleased with you.
You visited 2 branches of the dungeon, and saw 12 of its levels.

You collected 582 gold pieces.

Inventory:

Hand Weapons
 a - a +0 short sword of venom (weapon)
 s - a +1 morningstar of flaming
 w - a +0 sling of electrocution
 J - a +1 flail of draining
Missiles
 e - 110 stones
 q - 4 boomerangs
 y - 2 throwing nets
 z - 23 poisoned darts (quivered)
 D - a curare-tipped dart
Armour
 f - a +1 pair of gloves (worn)
 t - +0 acid dragon scales
 x - a +0 cloak (worn)
 B - a +0 pair of boots (worn)
 C - a scarf of repulsion
 F - +1 swamp dragon scales (worn)
 K - a +0 helmet (worn)
 M - a +1 leather armour of fire resistance
Magical Staves
 u - a staff of fire
Jewellery
 d - a ring of positive energy (right hand)
 l - a ring of willpower (left hand)
 v - an amulet of the acrobat (around neck)
Wands
 c - a wand of charming (7)
 m - a wand of mindburst (4)
 p - a wand of digging (4)
 A - a wand of flame (28)
Scrolls
 b - a scroll of fog
 r - 3 scrolls of identify
 E - a scroll of magic mapping
 H - a scroll of teleportation
 I - a scroll of poison
Potions
 g - a potion of might
 h - a potion of resistance
 i - 5 potions of cancellation
 j - 4 potions of magic
 k - a potion of lignification
 n - 2 potions of mutation
 o - a potion of haste
 G - a potion of flight


   Skills:
 - Level 5.4 Fighting
 * Level 5.6 Armour
 - Level 3.3 Dodging
 - Level 1.0 Stealth
 * Level 7.7 Spellcasting
 - Level 4.0 Summonings
 * Level 6.6 Transmutations
 * Level 6.5 Fire Magic
 - Level 4.1 Ice Magic
 + Level 5.0 Poison Magic
 - Level 2.0 Evocations


You had 17 spell levels left.
You knew the following spells:

 Your Spells              Type           Power      Damage    Failure   Level
a - Freeze                Ice            100%       1d10      3%          1
b - Blink                 Tloc           16%        N/A       26%         2
c - Passwall              Tmut/Erth      20%        N/A       7%          2
d - Ignite Poison         Fire/Tmut/Pois 36%        N/A       4%          3

Your spell library contained the following spells:

 Spells                   Type           Power      Damage    Failure   Level
 Kiss of Death            Conj/Necr      32%        2d7       19%         1
 Wereblood                Tmut           39%        N/A       1%          2
 Summon Small Mammal      Summ           100%       N/A       3%          1
 Sandblast                Erth           16%        2d6       19%         1
 Hailstorm                Conj/Ice       18%        3d6       22%         3
 Summon Guardian Golem    Hex/Summ       18%        N/A       24%         3
 Sublimation of Blood     Necr           8%         N/A       26%         2
 Petrify                  Tmut/Erth      24%        N/A       43%         4
 Sticky Flame             Conj/Fire      24%        2d5       43%         4
 Stone Arrow              Conj/Erth      16%        3d8       47%         3
 Animate Armour           Summ/Erth      36%        N/A       61%         4
 Summon Lightning Spire   Summ/Air       18%        N/A       61%         4
 Manifold Assault         Tloc           8%         N/A       87%         4
 Metabolic Englaciation   Hex/Ice        9%         N/A       91%         5
 Summon Forest            Summ/Tloc      9%         N/A       91%         5
 Summon Mana Viper        Hex/Summ       18%        N/A       91%         5
 Summon Cactus Giant      Summ           13%        N/A       99%         6
 Statue Form              Tmut/Erth      16%        N/A       100%        6
 Storm Form               Tmut/Air       12%        N/A       100%        7
 Summon Hydra             Summ           13%        N/A       100%        7
 Ignition                 Fire           19%        3d7       100%        8
 Maxwell's Capacitive Co  Air            4%         ∞         100%        8


Dungeon Overview and Level Annotations

Branches:
Dungeon (11/15)            Temple (1/1) D:7             Orc (0/2) D:9
   Lair: D:8-11

Altars:
Ashenzari
Cheibriados
Dithmenos
Fedhas
Gozag
Hepliaklqana
Kikubaaqudgha
Makhleb
Nemelex Xobeh
Okawaru
Qazlal
Ru
Sif Muna
Trog
Uskayaw
Vehumet
Wu Jian
Xom
Yredelemnul

Shops:
D:3 [   D:9 *

Annotations:
D:3 Grinder
D:8 Gastronok, Joseph
Temple 2 transporters


Innate Abilities, Weirdness & Mutations

You are mostly covered in large bone plates. (SH +6)
A meltable icy envelope protects you from harm. (AC +4)
When hurt, damage is shared between your health and your magic reserves.
You regenerate magic rapidly.
A meltable shield of frost defends you. (SH +4)


Message History

The meliai closely misses you.
The meliai stings you but does no damage.
You block the meliai's attack. x2
You closely miss the meliai.
You feel very sick.
The meliai mumbles some strange prayers to its god against you.
Something smites you! You block the meliai's attack.
The meliai stings you but does no damage.
You barely miss the meliai.
You feel very sick. The meliai hits you with a +0 war axe.
You block the meliai's attack. x2
The meliai stings you but does no damage.
You closely miss the meliai.
You feel very sick. The meliai barely misses you.
You block the meliai's attack. x2
The meliai stings you but does no damage.
You barely miss the meliai.
You feel sick. The meliai hits you with a +0 war axe! The meliai stings you.
The meliai hits you with a +0 war axe!
* * * LOW HITPOINT WARNING * * *
The meliai stings you but does no damage.
You closely miss the meliai.
You feel sick. The meliai barely misses you. The meliai misses you.
The meliai hits you but does no damage. The meliai stings you!
* * * LOW HITPOINT WARNING * * *
You hit the meliai but do no damage.
The meliai is poisoned.
You feel sick. The meliai misses you. The meliai completely misses you.
The meliai hits you but does no damage.
The meliai stings you but does no damage.
You hit the meliai.
The meliai looks as sick as possible!
The meliai is lightly wounded.
You feel sick. You block the meliai's attack. The meliai stings you!
* * * LOW HITPOINT WARNING * * *
The meliai hits you with a +0 war axe!
* * * LOW HITPOINT WARNING * * *
The meliai barely misses you.
Cast which spell? (? or * to list)
You don't have enough magic to cast this spell.
Okay, then.
Are you sure you want to abandon this character and quit the game? (Confirm with "yes".)

#...##...## ##... ##..###..##
##.. ### #...##...# ##. ##.###
##...#...## ## #....## #...#...##
# ......## #...#..## .......##
###).....# ........###..[[y...##
............####@...##
..........### ##.....##
..........## #.......##
...........# ##........## #
....>......###..^.......### ###
...........##.............#####..
.................................
......................##...#.....
.....................###.........


You could see a meliai (extremely poisoned).

Vanquished Creatures
  2 unseen horrors
  3 kobold demonologists (D:10)
  A komodo dragon (D:10)
  A troll (D:11)
  2 meliai
  A hornet (D:8)
  A wyvern (D:9)
  18 yaks
  A steam dragon (D:8)
  Grum (D:8)
  2 acid dragons (D:9)
  3 water moccasins
  A black bear (D:7)
  A sky beast (D:7)
  3 orc warriors
  4 wolves (D:8)
  2 centaurs
  3 bullfrogs
  2 kobold brigands
  3 scorpions
  4 wights
  14 killer bees
  5 howler monkeys
  2 hounds
  3 jellies
  4 orc priests
  2 sleepcaps
  4 iguanas
  Natasha (thrice) (D:3)
  4 orc wizards
  Terence (D:2)
  2 ogre zombies (D:9)
  5 adders
  2 worms
  A dart slug (D:1)
  24 orcs
  10 ball pythons
  8 endoplasms
  3 giant cockroaches (D:2)
  8 goblins
  6 hobgoblins
  6 jackals
  18 kobolds
  4 quokkas
  5 bats
  2 frilled lizards
  A goblin skeleton (D:9)
  A goblin zombie (D:9)
  A hobgoblin zombie (D:9)
  4 orc skeletons (D:9)
  7 orc zombies (D:9)
  6 rats
225 creatures vanquished.

Notes
Turn   | Place    | Note
-------+----------+-------------------------------------------
     0 | D:1      | Chiseanne the Demonspawn Wanderer began the quest for the
                  | Orb.
     0 | D:1      | Chiseanne set off with the following items: a +0 dagger, a
                  | scroll of fog, a +0 robe, a wand of polymorph (5); and the
                  | following spells available to memorise: Summon Small
                  | Mammal, Freeze, Summon Guardian Golem, Hailstorm, Animate
                  | Armour.
     0 | D:1      | Reached XP level 1. HP: 13/13 MP: 2/2
     2 | D:1      | Learned a level 1 spell: Freeze
   341 | D:1      | Gained mutation: You regenerate magic rapidly. [demonic
                  | ancestry]
   341 | D:1      | Reached XP level 2. HP: 19/20 MP: 2/4
   407 | D:1      | Found a faded altar of an unknown god.
   964 | D:1      | Reached XP level 3. HP: 20/25 MP: 1/5
   971 | D:1      | Reached skill level 1 in Fighting
  1327 | D:2      | Noticed Terence
  1609 | D:2      | Noticed Sigmund
  1619 | D:2      | Sigmund changed into Sigmund the howler monkey
  1619 | D:2      | Noticed Sigmund
  1629 | D:2      | Killed Sigmund the howler monkey
  1630 | D:2      | Reached skill level 1 in Dodging
  1630 | D:2      | Reached skill level 2 in Spellcasting
  1630 | D:2      | Gained mutation: A meltable shield of frost defends you.
                  | (SH +4) [demonic ancestry]
  1630 | D:2      | Reached XP level 4. HP: 30/32 MP: 1/7
  2125 | D:2      | Killed Terence
  2310 | D:3      | Found Jitt's Armour Shop.
  2574 | D:3      | Noticed Grinder
  2645 | D:3      | Reached XP level 5. HP: 37/37 MP: 8/8
  2703 | D:3      | Noticed Natasha
  2726 | D:3      | Killed Natasha
  2731 | D:3      | Noticed Natasha
  2741 | D:3      | Killed Natasha
  2915 | D:3      | Noticed Natasha
  2926 | D:3      | Killed Natasha
  2927 | D:3      | Reached skill level 3 in Spellcasting
  2988 | D:3      | Paralysed by Grinder for 3 turns
  3440 | D:4      | Reached XP level 6. HP: 33/44 MP: 5/10
  3490 | D:4      | Found a snail-covered altar of Cheibriados.
  3753 | D:4      | Found an ancient bone altar of Kikubaaqudgha.
  4210 | D:5      | Entered Level 5 of the Dungeon
  4454 | D:5      | Learned a level 2 spell: Blink
  4457 | D:5      | Learned a level 2 spell: Passwall
  4461 | D:5      | Learned a level 3 spell: Ignite Poison
  4796 | D:5      | Reached XP level 7. HP: 28/51 MP: 8/12
  4916 | D:5      | Found a hazy altar of Hepliaklqana.
  4917 | D:5      | Found a hide-covered altar of Uskayaw.
  5026 | D:5      | Reached skill level 1 in Transmutations
  5026 | D:5      | Reached skill level 1 in Fire Magic
  5082 | D:6      | Reached skill level 4 in Spellcasting
  5082 | D:6      | Reached skill level 1 in Poison Magic
  5934 | D:6      | Gained mutation: You are partially covered in large bone
                  | plates. (SH +4) [demonic ancestry]
  5934 | D:6      | Reached XP level 8. HP: 54/58 MP: 10/14
  6534 | D:7      | Found a staircase to the Ecumenical Temple.
  6546 | Temple   | Entered the Ecumenical Temple
  6546 | Temple   | Found a transporter.
  6546 | Temple   | Found a transporter.
  6637 | Temple   | Found a transporter.
  6637 | Temple   | Found a transporter.
  6671 | Temple   | Became a worshipper of Vehumet
  6836 | D:7      | Identified the +8 hand axe "Vugasch Gian" {heavy, rElec
                  | Str+4 Int+3 SInv}
  7379 | D:7      | Noticed Maggie
  7380 | D:7      | Maggie changed into Maggie the killer bee
  7380 | D:7      | Noticed Maggie
  7389 | D:7      | Killed Maggie the killer bee
  7390 | D:7      | Reached skill level 5 in Spellcasting
  7736 | D:8      | Reached skill level 1 in Armour
  7770 | D:8      | Noticed Joseph
  7936 | D:8      | Noticed Grum
  7964 | D:8      | Gained mutation: You are mostly covered in large bone
                  | plates. (SH +6) [demonic ancestry]
  7964 | D:8      | Reached XP level 9. HP: 33/65 MP: 12/17
  7975 | D:8      | Killed Grum
  8168 | D:8      | Noticed Gastronok
  8246 | D:9      | Chiseanne: ...and because you are so uneblievable dickholes
                  | they are watiting downstairs for me FUCK YOu
  8977 | D:8      | Reached skill level 6 in Spellcasting
  9694 | D:7      | Chiseanne: and because you are deplorable, abusive assholes
                  | a öpt of stupid shit happens..FUCK YOU IDIOTS! DIE ON
                  | CANCER!
  9810 | D:8      | Reached skill level 5 in Transmutations
  9924 | D:8      | Reached skill level 5 in Fire Magic
  9924 | D:8      | Gained mutation: A meltable icy envelope protects you from
                  | harm. (AC +4) [demonic ancestry]
  9924 | D:8      | Reached XP level 10. HP: 56/73 MP: 15/19
 10069 | D:7      | Reached * piety under Vehumet
 10069 | D:7      | Offered knowledge of Magic Dart by Vehumet.
 10799 | D:8      | Reached skill level 5 in Fighting
 11115 | D:9      | Found Eteifuam's CLEARANCE SALE!.
 11404 | D:9      | Found a staircase to the Orcish Mines.
 11508 | D:8      | Chiseanne: you are just disgusting
 11547 | D:10     | Entered Level 10 of the Dungeon
 11593 | D:10     | Reached skill level 7 in Spellcasting
 11926 | D:10     | Reached skill level 5 in Armour
 11950 | D:10     | Reached ** piety under Vehumet
 11950 | D:10     | Offered knowledge of Kiss of Death by Vehumet.
 12275 | D:10     | Gained mutation: When hurt, damage is shared between your
                  | health and your magic reserves. [demonic ancestry]
 12275 | D:10     | Reached XP level 11. HP: 80/80 MP: 18/22
 13220 | D:10     | HP: 4/80 [meliai/+0 war axe (11)]
 13892 | D:11     | Reached skill level 5 in Poison Magic
 14149 | D:10     | HP: 3/80 [meliai/+0 war axe (5)]
 14150 | D:10     | Chiseanne: FUCK YOU DISGUSTING PIECES OF DOGSHIT
 14150 | D:10     | Quit the game

Illustrated notes

Levels and vault maps discovered:
D:1:      roderic_crop_circles_arrival_small, layout_basic,
          ebering_ecumenical_altar_sacrificial, nicolae_wormholes
D:2:      layout_basic, uniq_sigmund, uniq_terence
D:3:      layout_basic, nicolae_tso_carved_into_rock, serial_shops,
          nicolae_shop_just_a_little_nook, uniq_natasha, uniq_grinder
D:4:      layout_cave_pools, cheibriados_altar_1, mainiacjoe_overflow_brackets,
          corexii_corridor_pit, minmay_misc_feat_tiny, lexackson_kobold_supper
D:5:      layout_basic, amethyst_overflow_temple_binary
D:6:      layout_basic, kennysheep_generic_room_13
D:7:      layout_basic, minmay_temple_entry_overgrown, uniq_maggie
D:8:      layout_basic, uniq_joseph, uniq_gastronok, uniq_grum
D:9:      cheibrodos_two_vegetables, layout_cave_pools, zombieorc2_lemuel,
          nicolae_shop_clearance
D:10:     layout_cave_pods
D:11:     layout_roguey, lair_entry_dummy
Temple:   hellmonk_temple_divided_pantheon

Skill      XL: |  1  2  3  4  5  6  7  8  9 10 11 |
---------------+----------------------------------+-----
Ice Magic      | 2 3 4 |  4.1
Fighting       | 1 2 3 4 5 |  5.4
Dodging        | 1 2 3 |  3.3
Spellcasting   | 2 3 4 5 6 7 |  7.7
Transmutations | 2 3 5 6 |  6.6
Fire Magic     | 2 3 5 6 |  6.5
Poison Magic   | 1 2 3 4 5 |  5.0
Armour         | 1 3 5 |  5.6
Stealth        | |  1.0
Summonings     | |  4.0
Evocations     | |  2.0

Action                     |  1- 3 |  4- 6 |  7- 9 | 10-12 || total
---------------------------+-------+-------+-------+-------++-------
  Melee: Dagger            |    13 |       |       |       ||    13
         Short sword       |    31 |   212 |   254 |   265 ||   762
         Punch             |       |     2 |     3 |     4 ||     9
         Morningstar       |       |       |     4 |    59 ||    63
   Fire: Sling             |       |       |     3 |       ||     3
  Throw: Stone             |     3 |    13 |       |       ||    16
         Dart              |       |       |    19 |     2 ||    21
   Cast: Freeze            |    47 |    23 |   122 |    96 ||   288
         Ignite Poison     |       |       |       |    23 ||    23
  Evoke: Wand              |     1 |       |     5 |     1 ||     7
    Use: Scroll            |     4 |     9 |     8 |     5 ||    26
         Potion            |       |     1 |     9 |     2 ||    12
   Stab: Sleeping          |     2 |     1 |     1 |       ||     4
         Invisible         |       |       |     2 |       ||     2
 Armour: Robe              |    24 |    51 |    40 |       ||   115
         Skin              |       |     2 |    11 |       ||    13
         Swamp dragon scal |       |       |    57 |   234 ||   291
  Dodge: Dodged            |    55 |   110 |   171 |   213 ||   549
  Block: Other             |       |    34 |   127 |   283 ||   444
